 Dungeon Crawl Stone Soup version 0.18-a0-1267-gff090c1 (webtiles) character file.

16 sugabear the Magician (level 2, 0/24 HPs)
             Began as a Troll Wizard on Feb 6, 2016.
             Slain by Natasha (3 damage)
             ... on level 2 of the Dungeon.
             The game lasted 00:01:41 (1033 turns).

sugabear the Magician (Troll Wizard)                Turns: 1033, Time: 00:01:41

Health: 0/24       AC:  5    Str: 14    XL:     2   Next: 41%
Magic:  0/4        EV:  9    Int: 14    God:
Gold:   31         SH:  0    Dex:  8    Spells: 1 memorised, 4 levels left

rFire  . . .     SeeInvis .     (no weapon)
rCold  . . .     Gourm    +     a - +0 robe
rNeg   . . .     Faith    .     (no shield)
rPois  .         Spirit   .     b - +0 hat
rElec  .         Dismiss  .     (no cloak)
rCorr  .         Reflect  .     (gloves unavailable)
SustAt .         Harm     .     (boots unavailable)
MR     .....                    (no amulet)
Stlth  +.........               (no ring)
                                (no ring)

@: slowed, very slow, not resistant to hostile enchantments, very unstealthy
A: unfitting armour, claws 3, fast metabolism 3, gourmand, regeneration 2,
shaggy fur 1, tough skin 2
a: no special abilities


You were on level 2 of the Dungeon.
You were not hungry.

You visited 1 branch of the dungeon, and saw 2 of its levels.

You collected 31 gold pieces.

Inventory:

Armour
 a - a +0 robe (worn)
 b - a +0 hat (worn)
Magical Staves
 p - an uncursed staff of power
Jewellery
 m - an uncursed ring of flight {unknown}
Scrolls
 e - 4 scrolls of identify {unknown}
 f - a scroll of enchant weapon {unknown}
 g - a scroll of random uselessness {unknown}
 h - a scroll of recharging {unknown}
 l - a scroll of fear {unknown}
 n - a scroll of teleportation {unknown}
Potions
 i - 2 potions of curing {unknown}
 k - a potion of heal wounds {unknown}
Books
 c - a book of Minor Magic

   Spells                             Type                      Level
   a - Magic Dart                     Conjuration                  1
   b - Blink                          Translocation                2
   c - Call Imp                       Summoning                    2
   d - Repel Missiles                 Charms/Air                   2
   e - Slow                           Hexes                        2
   f - Conjure Flame                  Conjuration/Fire             3
   g - Mephitic Cloud                 Conjuration/Poison/Air       3
Comestibles
 d - 2 bread rations
 j - a beef jerky


   Skills:
 + Level 1.6 Dodging
 + Level 1.2 Stealth
 * Level 0.6 Unarmed Combat
 * Level 2.3 Spellcasting
 + Level 0.6 Conjurations
   Level 0.6 Summonings
   Level 0.6 Translocations


You had 4 spell levels left.
You knew the following spells:

 Your Spells              Type           Power        Failure   Level  Hunger
a - Magic Dart            Conj           #...         21%         1    #......


Dungeon Overview and Level Annotations

Branches:
Dungeon (2/15)

Altars:

Annotations:
D:2 Natasha


Innate Abilities, Weirdness & Mutations

You are too large for most types of armour.
You have claws for hands.
Your metabolism is lightning-fast.
You like to eat raw meat.
You heal very quickly.
You are covered in fur (AC +1).
You have very tough skin (AC +2).


Message History

* * * LOW HITPOINT WARNING * * *
Casting: Magic Dart
Confirm with . or Enter, or press ? or * to list all spells.
Aiming: Magic Dart
Press: ? - help, Shift-Dir - straight line, f/p - Natasha
Aim: Natasha (severely wounded)
The magic dart hits Natasha.
Natasha is severely wounded.
Natasha claws you but does no damage.
Natasha stares at you and mumbles some strange words.
You feel as though you will be slow longer.
Unknown command.
You scratch Natasha but do no damage.
Natasha is severely wounded.
Natasha closely misses you.
You scratch Natasha.
Natasha is almost dead.
Natasha casts a spell.
Natasha claws you.
You die...

########## #########
.......@h###.......#
########5.......<# ####
#####.###.#
##...#######.###.#.####
...#..................#
##....................#
....?{....##.#........#
..........##.?.....#.##
##........####.[..## #


You could see Natasha and a crimson imp.

Vanquished Creatures
  A goblin (D:1)
  3 hobgoblins (D:1)
  5 bats
  2 giant newts (D:1)
  A kobold (D:1)
  5 rats
17 creatures vanquished.

Notes
Turn   | Place    | Note
--------------------------------------------------------------
     0 | D:1      | sugabear the Troll Wizard began the quest for the Orb.
     0 | D:1      | Reached XP level 1. HP: 16/16 MP: 2/2
   348 | D:1      | Reached XP level 2. HP: 24/24 MP: 4/4
   909 | D:2      | Noticed Natasha
   912 | D:2      | Noticed a crimson imp
  1030 | D:2      | HP: 1/24 [Natasha (2)]
  1033 | D:2      | Slain by Natasha

Vault maps used:
D:1:      denvon_arrival_planthouse
D:2:      due_unseen_surprise, uniq_sigmund, uniq_natasha, uniq_terence

Action                   || total
-------------------------++-------
Melee: Unarmed           ||    74
 Cast: Magic Dart        ||     6
  Eat: Chunk             ||    10
